 Dungeon Crawl Stone Soup version 0.18.1-6-gd335043 (webtiles) character file.

3939 M4edhros the Cleaver (level 10, -3/139 HPs)
             Began as a Minotaur Berserker on May 20, 2016.
             Was a Priest of Trog.
             Slain by an unseen horror (5 damage)
             ... on level 10 of the Dungeon.
             The game lasted 00:11:12 (2265 turns).

M4edhros the Cleaver (Minotaur Berserker)           Turns: 2265, Time: 00:11:13

Health: -3/139     AC:  5    Str: 25    XL:     10   Next: 1%
Magic:  9/9        EV: 16    Int:  4    God:    Trog [***...]
Gold:   163        SH:  7    Dex: 19    Spells: 0 memorised, 9 levels left

rFire  . . .     SeeInvis .     e - +1 hand axe (elec)
rCold  . . .     Gourm    .     b - +0 scale mail
rNeg   . . .     Faith    .     s - +0 buckler
rPois  .         Spirit   .     (helmet unavailable)
rElec  .         Dismiss  .     (no cloak)
rCorr  .         Reflect  .     u - +0 pair of gloves
SustAt .         Harm     +     p - +0 pair of boots
MR     .....                    d - amulet of harm
Stlth  ..........               (no ring)
                                y - ring of Ofeowk {EV+2 Dex+6}

@: berserking (expiring), drained, very quick, not resistant to hostile
enchantments, extremely unstealthy
A: retaliatory headbutt, horns 3, deformed body, weak 1, MP-powered wands
a: Berserk, Trog's Hand, Burn Spellbooks, Renounce Religion


You were on level 10 of the Dungeon.
You worshipped Trog.
Trog was most pleased with you.
You were not hungry.

You visited 1 branch of the dungeon, and saw 10 of its levels.

You collected 163 gold pieces.

Inventory:

Hand Weapons
 a - a +0 hand axe
 e - a +1 hand axe of electrocution (weapon)
 o - a cursed +0 war axe
Missiles
 m - 8 curare-tipped needles
Armour
 b - a +0 scale mail (worn)
 p - a +0 pair of boots (worn)
 s - a +0 buckler (worn)
 u - a +0 pair of gloves (worn)
 v - a +1 large shield
Jewellery
 d - an amulet of harm (around neck)
 y - the ring of Ofeowk (left hand) {EV+2 Dex+6}
   (You found it on level 10 of the Dungeon)

   [ring of evasion]

   It affects your evasion (+2).
   It affects your dexterity (+6).
Wands
 f - a wand of lightning (8/15)
 l - a wand of flame (27/48)
 r - a wand of lightning (9/15)
 t - a wand of flame (29/48)
 w - a wand of paralysis (2/24)
Scrolls
 h - a scroll of teleportation
 j - a scroll of holy word {unknown}
 n - 2 scrolls of remove curse
 x - 3 scrolls of fear
Potions
 k - a potion of brilliance
 A - a potion of curing
 B - a potion of agility
Comestibles
 c - a bread ration
 g - a slice of pizza
 i - 2 chunks of flesh
 q - 2 royal jellies
 z - 9 fruits


   Skills:
 + Level 10.3(9.9) Fighting
 + Level 10.4(10.0) Axes
 - Level 2.4(2.1) Armour
 * Level 5.6(5.3) Dodging
 + Level 8.6(8.3) Shields


You had 9 spell levels left.
You didn't know any spells.

Dungeon Overview and Level Annotations

Branches:
Dungeon (10/15)
 Temple: D:4-7         Lair: D:8-11         Orc: D:9-12

Altars:
Sif Muna
Trog
The Shining One

Annotations:
D:10 Grum


Innate Abilities, Weirdness & Mutations

You reflexively headbutt those who attack you in melee.
You have a pair of large horns on your head.
Armour fits poorly on your strangely shaped body.
You are weak. (Str -2)
You expend magic power (3 MP) to strengthen your wands.


Message History

an enchanted battleaxe; a robe Unknown command.
Unknown command.
You slash the centaur!
There is a sudden explosion of sparks!
You kill the centaur!
Trog accepts your kill.
You have reached level 10!
You barely miss something. Something hits you!
* * * LOW HITPOINT WARNING * * *
The hound stops to sniff the ground.
Unknown command.
Something hits you.
* * * LOW HITPOINT WARNING * * *
You hit something.
You feel a strong urge to attack something.
Something hits you!
* * * LOW HITPOINT WARNING * * *
You are too berserk!
Something hits you.
You die...

#. .. #. .. #. .#
#. ># #. .# #.
##.##.##
##.#####......#
#..@..)((#..#.
#....)h)).....#
#...#.)Z......##
#....z)!.........
#...#...........[
..........>....###
................#
....l....##......
##...#.## ###.##


You could see an iguana, a hound, a wight and a worker ant zombie.

Vanquished Creatures
  The ghost of Scarto the Fighter, a novice DsFi of Makhleb (D:10)
  Pikel (D:7)
  Prince Ribbit (D:7)
  A vampire (D:10)
  Eustachio (D:5)
  A hungry ghost (D:10)
  A black bear (D:10)
  2 sky beasts
  An orc warrior (D:7)
  4 ogres
  2 centaurs
  A crocodile (D:9)
  2 big kobolds (D:10)
  A giant frog (D:6)
  A wyvern zombie (D:9)
  Dowan (D:5)
  A scorpion (D:9)
  6 wights
  A howler monkey (D:5)
  A crimson imp (D:8)
  A centaur zombie (D:5)
  3 hounds
  2 centaur skeletons
  2 giant frog skeletons
  2 orc wizards (D:9)
  3 orc priests
  An iguana (D:7)
  2 worker ants
  6 adders
  3 gnolls (D:10)
  3 river rats (D:9)
  An ooze (D:5)
  A dart slug (D:3)
  5 giant geckos
  13 orcs
  2 goblins
  3 hobgoblins (D:1)
  5 jackals
  5 kobolds
  2 quokkas
  16 bats
  A giant gecko zombie (D:5)
  A giant newt (D:3)
  6 rats
120 creatures vanquished.

Notes
Turn   | Place    | Note
--------------------------------------------------------------
     0 | D:1      | M4edhros the Minotaur Berserker began the quest for the Orb.
     0 | D:1      | Reached XP level 1. HP: 19/19 MP: 0/0
    59 | D:1      | Reached XP level 2. HP: 14/26 MP: 1/1
   212 | D:3      | Reached XP level 3. HP: 30/33 MP: 2/2
   213 | D:3      | Reached skill level 5 in Axes
   392 | D:3      | Found a deep blue altar of Sif Muna.
   838 | D:3      | Reached XP level 4. HP: 30/41 MP: 3/3
  1036 | D:4      | Reached skill level 5 in Fighting
  1045 | D:4      | Reached XP level 5. HP: 48/48 MP: 4/4
  1097 | D:5      | Entered Level 5 of the Dungeon
  1097 | D:5      | Noticed Eustachio
  1112 | D:5      | Killed Eustachio
  1112 | D:5      | Reached ** piety under Trog
  1112 | D:5      | Reached XP level 6. HP: 57/57 MP: 5/5
  1141 | D:5      | Noticed Dowan
  1163 | D:5      | Killed Dowan
  1266 | D:6      | Found a bloodstained altar of Trog.
  1277 | D:6      | Reached XP level 7. HP: 57/64 MP: 6/6
  1328 | D:7      | Noticed Pikel
  1340 | D:7      | Killed Pikel
  1340 | D:7      | Reached skill level 5 in Shields
  1340 | D:7      | Reached XP level 8. HP: 74/74 MP: 7/7
  1347 | D:7      | Found a glowing golden altar of the Shining One.
  1359 | D:7      | Noticed Prince Ribbit
  1361 | D:7      | Gained mutation: You are weak. (Str -2) [potion of mutation]
  1361 | D:7      | Gained mutation: You are very weak. (Str -4) [potion of mutation]
  1390 | D:7      | Killed Prince Ribbit
  1707 | D:9      | Reached *** piety under Trog
  1785 | D:9      | Reached XP level 9. HP: 63/83 MP: 8/8
  1813 | D:9      | Lost mutation: You are very weak. (Str -4) [mutagenic meat]
  1814 | D:9      | Gained mutation: Armour fits poorly on your strangely shaped body. [mutagenic meat]
  1815 | D:9      | Gained mutation: You expend magic power (3 MP) to strengthen your wands. [mutagenic meat]
  1817 | D:9      | Gained mutation: You have a pair of large horns on your head. [mutagenic meat]
  1901 | D:10     | Entered Level 10 of the Dungeon
  1966 | D:10     | Got a warped pewter ring
  1968 | D:10     | Identified the ring of Ofeowk {EV+2 Dex+6} (You found it on level 10 of the Dungeon)
  1988 | D:10     | Noticed Scarto's ghost (novice DsFi)
  1997 | D:10     | Killed Scarto's ghost
  1997 | D:10     | Reached skill level 10 in Axes
  2014 | D:10     | Noticed Grum
  2014 | D:10     | Reached skill level 10 in Fighting
  2138 | D:9      | Reached skill level 5 in Dodging
  2262 | D:10     | Reached XP level 10. HP: 28/93 MP: 9/9
  2264 | D:10     | HP: 2/139 [something (12)]
  2265 | D:10     | Slain by an unseen horror

Skill      XL: |  1  2  3  4  5  6  7  8  9 |
---------------+----------------------------+-----
Axes           | 4 5 6 7 8 9 10 | 10.4
Fighting       | 4 5 6 7 9 10 | 10.3
Shields        | 2 3 5 7 8 |  8.6
Dodging        | 5 |  5.6
Armour         | |  2.4

Action                   |  1- 3 |  4- 6 |  7- 9 | 10-12 || total
-------------------------+-------+-------+-------+-------++-------
Melee: Hand axe          |    42 |    50 |   164 |       ||   256
       Headbutt          |     6 |    11 |    34 |       ||    51
Invok: Berserk           |     1 |     2 |     9 |       ||    12
       Trog's Hand       |       |       |     1 |       ||     1
Evoke: Wand              |       |       |     5 |       ||     5
  Use: Scroll            |       |       |    11 |       ||    11
       Potion            |       |       |     5 |       ||     5
 Stab: Paralysed         |       |       |     2 |       ||     2
  Eat: Chunk             |       |     4 |    20 |       ||    24
Armor: Ring mail         |    12 |    13 |     1 |       ||    26
       Animal skin       |     1 |       |       |       ||     1
       Scale mail        |       |       |    26 |       ||    26
       Chain mail        |       |       |    10 |       ||    10
Dodge: Dodged            |    21 |    17 |    85 |       ||   123
Block: Buckler           |       |     2 |    28 |       ||    30
